 Dungeon Crawl Stone Soup version 0.31-a0-271-gb88eb75e06 (webtiles) character file.

Game seed: 657904095300420287

1425 lessens the Cleaver (level 8, 0/59 HPs)
             Began as a Minotaur Artificer on July 14, 2023.
             Was an Initiate of Okawaru.
             Succumbed to a killer bee's poison
             ... on level 6 of the Dungeon.
             The game lasted 00:09:14 (5811 turns).

lessens the Cleaver (Minotaur Artificer)            Turns: 5811, Time: 00:09:15

Health: 0/59       AC:  3    Str: 18 (19) XL:     8   Next: 44%
Magic:  8/8        EV: 12    Int:  5 (8)  God:    Okawaru [......]
Gold:   403        SH:  0    Dex:  9 (11) Spells: 7/7 levels left

rFire   . . .        i - +0 flail
rCold   . . .        (no shield)
rNeg    . . .        b - +0 leather armour
rPois   +            (helmet restricted)
rElec   .            (no cloak)
rCorr   .            (no gloves)
SInv    .            (no boots)
Will    .....        (no amulet)
Stlth   +            r - ring of poison resistance
HPRegen 0.29/turn    (no ring)
MPRegen 0.11/turn

%: no passive effects
@: lethally poisoned (0 -> -8), invisible
A: horns 2, retaliatory headbutt
a: Renounce Religion


You were on level 6 of the Dungeon.
You worshipped Okawaru.
Okawaru was noncommittal.
You visited 2 branches of the dungeon, and saw 7 of its levels.

You collected 403 gold pieces.

Inventory:

Hand Weapons
 i - a +0 flail (weapon)
 y - a +0 hand axe
Missiles
 h - 81 stones
 v - 5 boomerangs
 A - a curare-tipped dart
 B - 11 poisoned darts
Armour
 b - a +0 leather armour (worn)
Jewellery
 r - a ring of poison resistance (left hand)
 s - a ring of magical power
Wands
 c - a wand of flame (12) (quivered)
 d - a wand of charming (6)
 e - a wand of iceblast (2)
 g - a wand of paralysis (5)
 q - a wand of polymorph (11)
Scrolls
 f - 2 scrolls of identify
 m - a scroll of poison {unknown}
 n - a scroll of enchant weapon {unknown}
 o - a scroll of silence {unknown}
 p - a scroll of acquirement {unknown}
 t - 2 scrolls of teleportation {unknown}
 u - a scroll of noise {unknown}
Potions
 a - 2 potions of invisibility
 j - 2 potions of cancellation
 k - a potion of haste
 l - 2 potions of might {unknown}
 w - 2 potions of resistance {unknown}
 x - a potion of berserk rage {unknown}
 z - 3 potions of degeneration
 C - a potion of heal wounds {unknown}


   Skills:
 - Level 1.2 Fighting
 * Level 10.7 Axes
 - Level 2.4 Armour
 - Level 5.2 Dodging
 - Level 0.7 Stealth
 + Level 2.0 Invocations
 - Level 2.6 Evocations


You had 7 spell levels left.
You didn't know any spells.
Your spell library contained the following spells:

 Spells                   Type           Power      Damage    Failure   Level
 Shock                    Conj/Air       0%         1d3       54%         1
 Ensorcelled Hibernation  Hex/Ice        0%         N/A       67%         2
 Swiftness                Air            0%         N/A       88%         3
 Airstrike                Air            0%         2d(0-16)  99%         4
 Anguish                  Hex/Necr       0%         N/A       99%         4


Dungeon Overview and Level Annotations

Branches:
Dungeon (6/15) Zot: 24302  Temple (1/1) D:6 Zot: 5987

Altars:
Ashenzari
Cheibriados
Dithmenos
Gozag
Hepliaklqana
Makhleb
Nemelex Xobeh
Okawaru
Ru
Uskayaw
Wu Jian
The Shining One

Shops:
D:5 *

Annotations:
D:4 2 runed translucent doors, dolemite99's ghost, amateur DjSh


Innate Abilities, Weirdness & Mutations

You have a pair of horns on your head.
You reflexively headbutt those who attack you in melee.


Message History

You kill the killer bee!
Okawaru accepts your kill.
Your Invocations skill increases to level 2!
You miss the killer bee. Your headbutt misses the killer bee.
The killer bee is heavily wounded.
You feel sick. The killer bee closely misses you. x2
You miss the killer bee. Your headbutt misses the killer bee.
The killer bee is heavily wounded.
You feel sick. The killer bee closely misses you.
The killer bee barely misses you. The bullfrog hits you.
* * * LOW HITPOINT WARNING * * *
You hit the killer bee but do no damage.
Your headbutt misses the killer bee.
The killer bee is heavily wounded.
You feel sick.
You are no longer poisoned.
The killer bee misses you. The bullfrog hits you.
* * * LOW HITPOINT WARNING * * *
The killer bee stings you.
* * * LOW HITPOINT WARNING * * *
Okay, then.
Okay, then.
You fade into invisibility!
The killer bee closely misses you. You furiously retaliate!
You headbutt the killer bee. The bullfrog misses you.
The killer bee stings you but does no damage.
The bullfrog closely misses you.
Aiming: Paralyse
Press: ? - help, Shift-Dir - straight line, f/p - killer bee
Aim: a killer bee (heavily wounded, unable to see you, chance to affect: 64%)
The killer bee struggles to resist.
The killer bee stings you.
* * * LOW HITPOINT WARNING * * *
You are lethally poisoned!
The killer bee poisons you! The bullfrog hits you.
* * * LOW HITPOINT WARNING * * *
The killer bee closely misses you.
It was a potion of degeneration.
There was something very wrong with that liquid.
You feel weakened.
You feel dopey.
You feel clumsy.
You die...

####.# #.# ###.###
#....# #.# #.# #.####
#.# #.#
#.#######.#####.# #
#..........<....#..
#..######.............
#..# #...........##
#..# ##.......####
#..# #.@y....# #..#
###F#...# #...
........ ##.#
......... .y.y. #.#
....... ##..# .#...##
# ..=..# .#...#


You could see a bullfrog (unable to see you) and a killer bee (unable to see
you).

Vanquished Creatures
  Sigmund (D:3)
  An ice beast (D:5)
  A black bear (D:5)
  A phantom (D:5)
  A kobold brigand (D:6)
  4 scorpions
  4 killer bees (D:6)
  A howler monkey (D:6)
  An iron imp (D:4)
  A gnoll bouda (D:4)
  A hound (D:5)
  Jessica (D:2)
  Ijyb (D:3)
  An iguana (D:5)
  Natasha (thrice) (D:2)
  An orc wizard (D:6)
  Robin (D:3)
  3 gnolls (D:4)
  5 adders
  A white imp (D:6)
  A worm (D:2)
  5 dart slugs
  9 orcs
  3 endoplasms
  3 giant cockroaches
  13 goblins
  8 hobgoblins
  5 jackals
  12 kobolds
  4 quokkas
  6 ball pythons
  3 bats
  3 frilled lizards
  3 rats
112 creatures vanquished.

Vanquished Creatures (others)
  A scorpion (D:4)
  An adder (D:3)
2 creatures vanquished.

Grand Total: 114 creatures vanquished

Notes
Turn   | Place    | Note
-------+----------+-------------------------------------------
     0 | D:1      | lessens the Minotaur Artificer began the quest for the Orb.
     0 | D:1      | Reached XP level 1. HP: 16/16 MP: 0/0
   486 | D:1      | Reached skill level 1 in Axes
   491 | D:1      | Reached XP level 2. HP: 19/23 MP: 1/1
   949 | D:2      | Noticed Natasha
   953 | D:2      | Killed Natasha
   954 | D:2      | Reached skill level 2 in Axes
   954 | D:2      | Reached XP level 3. HP: 28/28 MP: 2/2
  1303 | D:2      | Noticed Natasha
  1313 | D:2      | Killed Natasha
  1314 | D:2      | Reached skill level 3 in Axes
  1314 | D:2      | Reached XP level 4. HP: 11/35 MP: 3/3
  1412 | D:2      | Noticed Natasha
  1417 | D:2      | Noticed Jessica
  1418 | D:2      | Killed Natasha
  1432 | D:2      | Killed Jessica
  1433 | D:2      | Reached XP level 5. HP: 3/40 MP: 4/4
  1979 | D:3      | Reached skill level 4 in Axes
  2047 | D:3      | Noticed Robin
  2206 | D:3      | Killed Robin
  2267 | D:3      | Noticed Ijyb
  2462 | D:3      | Paralysed by Ijyb for 2 turns
  2467 | D:3      | Killed Ijyb
  2664 | D:3      | Noticed Sigmund
  2674 | D:3      | Killed Sigmund
  2675 | D:3      | Reached skill level 5 in Axes
  2675 | D:3      | Reached skill level 5 in Dodging
  2675 | D:3      | Reached XP level 6. HP: 47/47 MP: 5/5
  2724 | D:3      | You fall into a shaft and drop 3 floors!
  2747 | D:5      | Entered Level 5 of the Dungeon
  2755 | D:5      | Reached skill level 6 in Axes
  2816 | D:5      | Found a sacrificial altar of Ru.
  2861 | D:5      | Reached XP level 7. HP: 40/52 MP: 6/6
  2870 | D:5      | Reached skill level 7 in Axes
  3522 | D:4      | Found a runed translucent door.
  3582 | D:4      | Found a shadowy altar of Dithmenos.
  3680 | D:4      | Found a snail-covered altar of Cheibriados.
  3692 | D:4      | Reached skill level 8 in Axes
  3727 | D:4      | Found a runed translucent door.
  3728 | D:4      | Noticed dolemite99's ghost (amateur DjSh)
  4387 | D:5      | Reached skill level 9 in Axes
  4598 | D:5      | Found Reipe's Elemental Accessories.
  4604 | D:5      | Reached XP level 8. HP: 20/59 MP: 7/7
  5087 | D:6      | Found a staircase to the Ecumenical Temple.
  5138 | Temple   | Entered the Ecumenical Temple
  5144 | Temple   | Became a worshipper of Warmaster Okawaru
  5181 | D:6      | Found a hazy altar of Hepliaklqana.
  5255 | D:6      | Reached skill level 10 in Axes
  5335 | D:6      | Reached skill level 1 in Invocations
  5810 | D:6      | HP: 2/59 [bullfrog (1)]
  5811 | D:6      | Succumbed to a killer bee's poison

Illustrated notes

Levels and vault maps discovered:
D:1:      denvon_arrival_planthouse, layout_basic, st_stairs_13, minivault_26
D:2:      layout_loops_cross, grunt_decor_one_mirror, uniq_jessica, uniq_natasha
D:3:      layout_basic, uniq_robin, uniq_sigmund, uniq_ijyb
D:4:      layout_rooms, nicolae_dithmenos_shadow_blocks, slow_altar_1,
          ebering_ghost_sewer_f, grunt_ministairs_8, kennysheep_generic_room_7
D:5:      layout_loops_ring, nicolae_ru_great_annihilating_truth,
          nicolae_elemental_shop, ebering_dispersal_statue_hall
D:6:      layout_loops_ring, marbit_many_paths, temple_doors_e
Temple:   hellmonk_temple_two_chambers

Skill      XL: |  1  2  3  4  5  6  7  8 |
---------------+-------------------------+-----
Axes           | 1 2 3 5 6 9 10 | 10.7
Dodging        | 2 3 5 |  5.2
Invocations    | 2 |  2.0
Fighting       | |  1.2
Armour         | |  2.4
Stealth        | |  0.7
Evocations     | |  2.6

Action                     |  1- 3 |  4- 6 |  7- 9 || total
---------------------------+-------+-------+-------++-------
  Melee: Club              |    49 |       |       ||    49
         Headbutt          |    11 |    11 |    17 ||    39
         Punch             |     3 |       |     2 ||     5
         Flail             |    24 |    96 |   140 ||   260
  Evoke: Wand              |     3 |     9 |    11 ||    23
    Use: Scroll            |       |     4 |       ||     4
         Potion            |       |     1 |     2 ||     3
   Stab: Sleeping          |     1 |     1 |     1 ||     3
         Paralysed         |       |    11 |     8 ||    19
         Invisible         |       |     1 |       ||     1
 Armour: Leather armour    |    17 |    20 |    16 ||    53
         Skin              |       |    13 |       ||    13
  Dodge: Dodged            |    45 |    54 |   103 ||   202

Table legend: (Time is in decaauts)
 A = Elapsed time spent in this place.
 B = Non-inter-level travel time spent in this place.
 C = Inter-level travel time spent in this place.
 D = Time resting spent in this place.
 E = Time spent auto-exploring this place.
 F = Levels seen in this place.
 G = Mean time per level.
                   A        B        C        D        E       F      G
               +--------+--------+--------+--------+--------+-----+--------+
         Total |   5882 |   5582 |    300 |    494 |   3987 |   7 |  840.3 |
       Dungeon |   5870 |   5570 |    300 |    494 |   3987 |   6 |  978.3 |
        Temple |     12 |     12 |      0 |      0 |      0 |   1 |   12.0 |
               +--------+--------+--------+--------+--------+-----+--------+

Top non-repeatable levels by time:
     D:5: 1302 daAuts
     D:2: 1196 daAuts
     D:3: 986 daAuts
     D:1: 956 daAuts
     D:6: 738 daAuts
     D:4: 690 daAuts
  Temple: 12 daAuts

Levels and vault maps discovered:
D:1:      denvon_arrival_planthouse, layout_basic, st_stairs_13, minivault_26
D:2:      layout_loops_cross, grunt_decor_one_mirror, uniq_jessica, uniq_natasha
D:3:      layout_basic, uniq_robin, uniq_sigmund, uniq_ijyb
D:4:      layout_rooms, nicolae_dithmenos_shadow_blocks, slow_altar_1,
          ebering_ghost_sewer_f, grunt_ministairs_8, kennysheep_generic_room_7
D:5:      layout_loops_ring, nicolae_ru_great_annihilating_truth,
          nicolae_elemental_shop, ebering_dispersal_statue_hall
D:6:      layout_loops_ring, marbit_many_paths, temple_doors_e
Temple:   hellmonk_temple_two_chambers
